Map: Kairos Junction LE

Players

jheffe - Winner!

  • Race: Terran Terran
  • League: Master
  • Spawn Location: 11:00

A.I. 2 (Very Hard)

  • Race: Zerg Zerg
  • Spawn Location: 5:00

VOD

Have the link to the VOD?

Description

Time

  • Played on: Aug. 12, 2019, 10:19 p.m.
  • Length: 12:07
Show
View Real Time Build Order
Export as new Build Order

jheffe Terran - Winner!

Build Orders: Liberator Opening, Reaper Expand 

Get SALT Encoding   

  12  0:02  SCV  
  13  0:14  SCV  
  13  0:18  Supply Depot  
  14  0:26  SCV  
  15  0:40  SCV  
  15  0:42  Barracks  
  16  0:46  Refinery  
  16  0:52  SCV  
  17  1:04  SCV  
  18  1:16  SCV  
  19  1:28  Reaper  
  19  1:30  Orbital Command  
  20  1:41  Command Center  
  20  1:50  Supply Depot  
  20  1:56  SCV  
  20  2:00  Marine  
  22  2:08  SCV  
  23  2:11  Factory  
  23  2:20  Refinery, SCV  
  24  2:24  Barracks Reactor  
  24  2:32  SCV  
  25  2:46  SCV  
  26  2:53  Orbital Command  
  26  2:57  Starport  
  26  3:03  SCV  
  26  3:05  Barracks Tech Lab  
  27  3:11  Hellion x2  
  27  3:12  Supply Depot  
  31  3:15  SCV  
  31  3:16  Liberator  
  31  3:19  SCV  
  33  3:27  SCV  
  33  3:31  SCV  
  33  3:32  Hellion x2  
  42  3:39  SCV  
  43  3:43  SCV  
  43  3:47  Stimpack  
  44  3:49  Supply Depot  
  44  3:51  SCV  
  45  3:55  SCV  
  45  3:57  Hellion x2  
  49  4:03  SCV  
  49  4:08  SCV  
  51  4:14  Command Center  
  51  4:15  SCV  
  52  4:19  Starport Reactor  
  52  4:20  SCV  
  53  4:27  SCV  
  53  4:30  Barracks  
  53  4:31  Barracks  
  54  4:32  SCV  
  54  4:35  Supply Depot  
  55  4:39  SCV  
  55  4:42  Engineering Bay x2  
  56  4:46  SCV  
  56  4:48  Refinery  
  56  4:49  Factory Tech Lab  
  56  4:50  Refinery  
  56  4:51  SCV  
  58  4:53  Marine  
  58  4:58  SCV  
  60  5:01  Starport Reactor  
  60  5:04  SCV  
  58  5:10  SCV  
  58  5:11  Marine  
  58  5:12  Terran Infantry Armor Level 1, Terran Infantry Weapons Level 1  
  58  5:13  Siege Tank  
  63  5:22  SCV  
  63  5:23  Marine x2  
  63  5:26  Marine x2  
  68  5:29  Marine  
  68  5:31  Orbital Command, SCV  
  70  5:40  Medivac x2  
  70  5:41  Marine  
  75  5:43  Supply Depot  
  75  5:44  Supply Depot  
  75  5:45  Marine, Siege Tank  
  75  5:46  Marine x2  
  75  5:47  Marine  
  75  5:48  SCV  
  83  5:50  SCV  
  84  6:00  SCV  
  84  6:01  Orbital Command  
  85  6:05  Marine x2, SCV, Supply Depot  
  85  6:06  Marine x3, Supply Depot  
  85  6:07  Combat Shield  
  91  6:12  SCV  
  91  6:17  SCV  
  93  6:22  Armory  
  93  6:23  Marine x2  
  93  6:24  SCV  
  96  6:28  SCV  
  96  6:29  Marine x2, SCV  
  96  6:30  Marine  
  96  6:31  Siege Tank  
  104  6:36  Supply Depot  
  104  6:37  SCV  
  104  6:39  Medivac x2  
  109  6:40  SCV  
  109  6:41  Marine x2, SCV  
  113  6:47  Marine x2  
  113  6:49  SCV  
  116  6:54  Barracks  
  116  6:56  Barracks, SCV  
  116  6:58  SCV  
  116  6:59  Supply Depot  
  116  7:01  SCV  
  119  7:02  Supply Depot  
  119  7:08  SCV  
  120  7:09  Terran Infantry Armor Level 2, Terran Infantry Weapons Level 2  
  120  7:10  SCV  
  120  7:12  Siege Tank  
  120  7:13  SCV  
  125  7:19  Refinery  
  125  7:20  SCV  
  125  7:21  Refinery  
  125  7:22  SCV  
  127  7:25  SCV  
  127  7:26  Marine x3  
  127  7:27  Marine x2  
  133  7:33  SCV  
  133  7:34  SCV  
  133  7:35  Supply Depot x2  
  135  7:42  Barracks Reactor  
  135  7:43  Barracks Reactor, Medivac  
  135  7:44  Marine x3, Siege Tank  
  137  7:45  Marine x2  
  137  7:47  SCV x2  
  138  7:57  Factory  
  138  8:02  Marine x2  
  138  8:04  Supply Depot  
  138  8:05  Marine x3, Command Center  
  142  8:06  Supply Depot  
  142  8:08  Supply Depot  
  143  8:15  Medivac  
  143  8:16  Siege Tank  
  143  8:19  Marine  
  148  8:20  Marine  
  148  8:21  Marine x3  
  148  8:23  Marine  
  148  8:26  Barracks  
  151  8:27  Barracks x2  
  151  8:34  Marine x2  
  149  8:42  Marine  
  149  8:43  Marine x6  
  149  8:46  Factory Tech Lab  
  149  8:48  Siege Tank  
  159  8:57  Marine x2  
  159  8:59  Medivac  
  159  9:00  Marine  
  159  9:01  Marine x4  
  168  9:09  Marine x2  
  170  9:11  Siege Tank  
  170  9:15  Marine x2  
  175  9:20  Siege Tank  
  175  9:21  Planetary Fortress  
  175  9:22  Marine  
  175  9:23  Marine x3  
  175  9:24  Barracks Tech Lab x3  
  182  9:26  SCV x2  
  182  9:27  SCV  
  183  9:38  SCV  
  162  9:50  Siege Tank  
  162  9:51  Marine  
  162  9:52  Marine x9, Marauder, Siege Tank  
  179  9:53  Marauder  
  179  10:09  Marine x5  
  179  10:10  Marine x2, Marauder x2  
  194  10:14  Marauder x2  
  194  10:18  Marine  
  195  10:21  Refinery  
  195  10:22  Refinery  
  195  10:23  Command Center  
  195  10:27  Marine  
  196  10:45  Concussive Shells  
  196  10:50  Marine, Siege Tank  
  196  10:52  Marauder  
  196  10:54  Starport  
  196  10:55  Marine x2, Starport  
  196  10:56  Marine x2, Fusion Core  
  200  11:02  Marine x2  
  200  11:05  Sensor Tower  
Show
View Real Time Build Order
Export as new Build Order

A.I. 2 (Very Hard) Zerg 

Build Orders: Hatch First 

Get SALT Encoding   

  12  0:00  Drone  
  13  0:12  Overlord  
  13  0:17  Drone  
  14  0:30  Drone x2  
  14  0:34  Drone  
  17  0:53  Hatchery  
  17  0:54  Drone  
  17  1:09  Spawning Pool  
  17  1:11  Extractor  
  15  1:13  Drone  
  15  1:17  Drone  
  17  1:21  Drone  
  18  1:27  Drone  
  19  1:38  Overlord  
  19  1:49  Drone  
  20  1:56  Queen  
  20  1:59  Zergling x2  
  23  2:04  Drone  
  23  2:08  Queen  
  26  2:15  Drone  
  27  2:20  Drone  
  27  2:26  Drone  
  27  2:33  Zergling x2  
  27  2:38  Roach Warren  
  27  2:39  Extractor  
  27  2:40  Drone  
  26  2:45  Drone  
  27  2:52  Overlord  
  27  2:57  Drone  
  28  3:03  Drone  
  28  3:06  Drone  
  28  3:09  Zergling x2  
  29  3:13  Drone  
  29  3:17  Drone  
  31  3:20  Drone  
  31  3:23  Zergling x2  
  31  3:26  Zergling x2  
  34  3:31  Roach  
  36  3:35  Roach  
  36  3:39  Roach  
  40  3:44  Roach  
  40  3:48  Drone  
  43  3:53  Zergling x2  
  43  3:55  Drone  
  44  3:58  Overlord  
  44  4:02  Zergling x2  
  44  4:09  Lair  
  44  4:13  Metabolic Boost  
  44  4:18  Drone  
  44  4:20  Drone  
  44  4:22  Drone  
  47  4:25  Drone  
  47  4:27  Drone  
  47  4:30  Drone  
  50  4:32  Drone  
  50  4:36  Zergling x2  
  50  4:38  Overlord  
  51  4:49  Spore Crawler  
  51  4:52  Spore Crawler, Queen  
  51  4:56  Drone x2  
  51  4:58  Drone  
  37  5:08  Drone  
  37  5:11  Drone  
  39  5:17  Roach  
  41  5:23  Roach  
  41  5:26  Zergling x2  
  42  5:35  Hydralisk Den  
  41  5:42  Drone  
  42  5:45  Drone  
  42  5:48  Drone  
  44  5:52  Drone  
  44  5:55  Drone  
  46  5:58  Drone  
  46  6:02  Drone  
  48  6:04  Hydralisk  
  48  6:05  Drone  
  48  6:10  Hydralisk  
  53  6:13  Drone  
  53  6:16  Zergling x2  
  54  6:21  Overlord  
  54  6:23  Drone  
  54  6:24  Drone  
  56  6:26  Drone  
  56  6:28  Drone  
  56  6:30  Drone  
  59  6:39  Drone  
  60  6:41  Infestation Pit  
  60  6:45  Overlord  
  59  6:47  Drone  
  59  6:49  Drone  
  59  6:51  Drone  
  59  6:52  Drone  
  63  6:55  Drone  
  63  6:57  Drone  
  63  6:59  Drone  
  66  7:03  Drone, Roach  
  66  7:06  Baneling Nest  
  68  7:10  Overlord  
  68  7:12  Drone  
  68  7:14  Drone  
  70  7:16  Drone  
  70  7:18  Drone, Infestor  
  70  7:22  Roach  
  76  7:28  Infestor  
  76  7:29  Roach  
  80  7:32  Overlord  
  80  7:33  Roach  
  80  7:34  Ravager  
  80  7:35  Overseer  
  80  7:36  Zergling x2  
  83  7:38  Zergling x2  
  83  7:39  Roach  
  83  7:41  Roach  
  83  7:44  Hydralisk  
  66  7:46  Hydralisk  
  66  7:49  Roach  
  74  7:51  Roach  
  74  7:54  Baneling  
  74  7:58  Zergling x2, Baneling  
  75  7:59  Roach  
  75  8:01  Zergling x4  
  75  8:02  Roach  
  75  8:04  Zergling x2  
  75  8:05  Overlord  
  82  8:06  Zergling x2  
  82  8:07  Baneling  
  82  8:10  Zergling x2  
  84  8:19  Ravager, Roach, Baneling  
  87  8:20  Baneling  
  87  8:21  Extractor, Baneling  
  87  8:24  Extractor, Zergling x4, Baneling  
  86  8:27  Ravager  
  86  8:30  Drone  
  86  8:32  Roach  
  88  8:36  Baneling  
  88  8:38  Hatchery, Drone  
  88  8:43  Drone x2, Overlord  
  88  8:44  Drone  
  88  8:46  Drone x2  
  93  8:53  Hydralisk  
  93  8:56  Queen  
  93  8:59  Drone  
  93  9:02  Drone  
  94  9:05  Overlord  
  94  9:07  Baneling x3  
  94  9:12  Baneling  
  94  9:13  Spawning Pool  
  94  9:14  Baneling  
  94  9:17  Drone  
  94  9:27  Overlord, Baneling x3  
  94  9:28  Hydralisk  
  96  9:31  Infestor  
  98  9:39  Hatchery  
  98  9:43  Roach  
  81  9:46  Roach  
  81  9:48  Roach  
  81  9:51  Roach  
  62  9:53  Roach  
  62  9:55  Roach  
  62  10:00  Queen, Zergling x2  
  35  10:19  Baneling  
  29  10:26  Zergling x2  
  29  10:30  Zergling x2  
  28  10:36  Roach  
  21  10:56  Drone  
  1  11:01  Drone  
  2  11:12  Drone  
Tags
 
Add a new tag
Caveats
  • Supply blocks, unpowered buildings, or Contaminate may cause inaccurate times.
  • Supply counts are checked every 10 seconds.